 Dungeon Crawl Stone Soup version 0.29.0-10-g45618ea6d2 (webtiles) character file.

Game seed: 5520870762993438512

1116 robertstho the Magician (level 8, -9/55 HPs)
             Began as a Djinni Fire Elementalist on Aug 31, 2022.
             Was a Follower of Makhleb.
             Mangled by an orc warrior
             ... wielding a +0 trident
              (17 damage)
             ... on level 6 of the Dungeon on Sept 1, 2022.
             The game lasted 00:06:54 (5052 turns).

robertstho the Magician (Djinni Fire Elementalist)  Turns: 5052, Time: 00:06:54

Health: -9/55      AC:  4    Str:  7    XL:     8   Next: 60%
Gold:   262        EV: 12    Int: 20    God:    Makhleb [*.....] SH:  0 Dex: 13

rFire   + + .      SeeInvis +   j - +2 short sword (venom)
rCold   x . .      Faith    .   (no shield)
rNeg    . . .      Spirit   .   a - +0 robe
rPois   ∞          Reflect  .   f - +0 helmet
rElec   .          Harm     .   i - +0 cloak
rCorr   .          Rampage  .   (no gloves)
Will    .....                   (boots unavailable)
Stlth   ++........              k - amulet of regeneration
HPRegen 0.98/turn               d - ring of wizardry
MPRegen 0.00/turn               q - ring of see invisible

@: weakened, flying
A: sickness immunity, fire resistance 2, cold vulnerability 1, float, innate
caster, HP casting, extra vitality 1
a: Renounce Religion


You were on level 6 of the Dungeon.
You worshipped Makhleb.
Makhleb was aware of your devotion.
You visited 2 branches of the dungeon, and saw 7 of its levels.

You collected 262 gold pieces.

Inventory:

Hand Weapons
 j - a +2 short sword of venom (weapon)
Missiles
 h - 2 throwing nets
Armour
 a - a +0 robe (worn)
 f - a +0 helmet (worn)
 i - a +0 cloak (worn)
Jewellery
 d - a ring of wizardry (left hand)
 k - an amulet of regeneration (around neck)
 m - a ring of positive energy
 q - a ring of see invisible (right hand)
 r - a ring of protection from fire
Wands
 u - a wand of flame (29)
 w - a wand of polymorph (11)
 A - a wand of roots (4)
Scrolls
 b - a scroll of amnesia {unknown}
 l - 3 scrolls of butterflies
 s - 4 scrolls of identify
 t - a scroll of magic mapping
 y - a scroll of teleportation {unknown}
Potions
 c - a potion of ambrosia
 e - a potion of heal wounds
 g - a potion of lignification {unknown}
 n - a potion of cancellation {unknown}
 o - 2 potions of haste
 p - a potion of invisibility
 v - a potion of might {unknown}
 x - 2 potions of mutation {unknown}
 z - a potion of flight {unknown}
 B - a potion of resistance {unknown}


   Skills:
 * Level 2.9 Fighting
 + Level 0.3 Short Blades
 + Level 2.7 Dodging
 + Level 2.6 Stealth
 * Level 6.8 Spellcasting
 * Level 1.7 Invocations


You had one spell level left.
You knew the following spells:

 Your Spells              Type           Power      Damage    Failure   Level
a - Foxfire               Conj/Fire      100%       2x1d9     1%          1
b - Scorch                Fire           68%        2d8       1%          2
c - Conjure Flame         Conj/Fire      34%        6-21      1%          3
d - Inner Flame           Hex/Fire       34%        N/A       1%          3
e - Flame Wave            Conj/Fire      34%        2d10      2%          4
f - Summon Small Mammal   Summ           100%       N/A       1%          1
g - Wereblood             Tmut           34%        N/A       1%          2
h - Teleport Other        Tloc           34%        N/A       1%          3
Your spell library was empty.

Dungeon Overview and Level Annotations

Branches:
Dungeon (6/15)             Temple (1/1) D:4

Altars:
Cheibriados
Dithmenos
Gozag
Makhleb
Nemelex Xobeh
Okawaru
Qazlal
Ru
Uskayaw
Wu Jian
Xom
Yredelemnul
Zin
The Shining One

Annotations:
D:5 1 runed translucent door, Jase's ghost, novice DrAE


Innate Abilities, Weirdness & Mutations

You are immune to sickness and miasma.
You are immune to poison.
Your flesh is very heat resistant. (rF++)
You are vulnerable to cold. (rC-)
You float through the air rather than walking.
You learn spells naturally, not from books.
Your magical power is your life essence.
You have superior vitality. (+4 MHP)


Message History

The grasping roots constrict the orc priest!
The roots release their grip on the orc priest.
The gnoll hits you with a +0 whip.
You hear a distant slurping noise.
The door mysteriously vanishes.
A jelly comes into view.
The orc warrior escapes!
Casting: Scorch (safe; 1% risk of failure)
Confirm with . or Enter, or press ? or * to list all spells.
Casting: Flame Wave (dangerous; 2% risk of failure)
Press: ? - help, Dir - look around, f - activate A wave of flame ripples out!
The flame wave engulfs the gnoll!!
The gnoll is burned terribly!
You kill the gnoll!
Makhleb accepts your kill. (Press . to intensify the flame waves.)
The jelly quivers.
The orc priest calls down the wrath of Beogh upon you.
Beogh smites you!
Unknown command.
Unknown command.
A wave of flame ripples out!
The flame wave engulfs the orc warrior.
The orc warrior is severely wounded.
The orc warrior hits you from afar with a +0 trident!
* * * LOW HITPOINT WARNING * * *
Unknown command.
Unknown command.
Unknown command.
A wave of flame ripples out!
The flame wave engulfs the jelly!
The jelly is moderately wounded.
The flame wave engulfs the orc warrior.
The orc warrior is almost dead.
The flame wave engulfs the orc priest!
You kill the orc priest!
Makhleb accepts your kill.
* * * LOW HITPOINT WARNING * * *
You finish channelling waves of flame.
You hear a shout!
The orc warrior hits you from afar with a +0 trident!
You die...

#...#
#..(##......##
##...#........#
...)#......!.#
#ogg#........#
#Jo)#........#
#)).#........#
#.@.#........#
#..)#........#
#...##.##...##
#...##.####'##
#......#.....#
#.......#.....#
#.......#....##
#.......#....#
######..##...#


You could see an orc warrior, a jelly, 2 gnolls and an orc.

Vanquished Creatures
  A black bear (D:5)
  A centaur (D:6)
  A phantom (D:5)
  A necrophage (D:5)
  A bullfrog (D:6)
  3 scorpions
  2 orc priests
  A hound (D:5)
  2 jellies
  2 gnoll boudas
  Jessica (D:2)
  Crazy Yiuf (D:2)
  Ijyb (D:5)
  An orc wizard (D:5)
  Robin (D:2)
  9 adders
  9 gnolls
  An ufetubus (D:4)
  2 worms
  7 orcs
  8 ball pythons
  6 bats
  6 endoplasms
  2 giant cockroaches (D:3)
  20 goblins
  6 hobgoblins
  5 jackals (D:1)
  6 kobolds
  4 quokkas
  6 frilled lizards
  2 rats
119 creatures vanquished.

Vanquished Creatures (others)
  228 foxfires
  A fungus (D:3)
  2 plants (D:3)
231 creatures vanquished.

Grand Total: 350 creatures vanquished

Notes
Turn   | Place    | Note
-------+----------+-------------------------------------------
     0 | D:1      | robertstho the Djinni Fire Elementalist began the quest for
                  | the Orb.
     0 | D:1      | robertstho set off with the following spells memorised:
                  | Foxfire, Scorch, Conjure Flame, Inner Flame, Flame Wave.
     0 | D:1      | Reached XP level 1. HP: 15/15 MP: 0/0
   229 | D:1      | You are sucked into a shaft and drop 1 floor!
   239 | D:2      | Reached XP level 2. HP: 18/21 MP: 0/0
   242 | D:2      | Noticed Robin
   248 | D:2      | Killed Robin
   249 | D:2      | Reached skill level 3 in Spellcasting
   249 | D:2      | Reached XP level 3. HP: 11/26 MP: 0/0
   249 | D:2      | Learned a level 1 spell: Summon Small Mammal
   999 | D:2      | Reached skill level 1 in Fighting
  1000 | D:2      | Reached XP level 4. HP: 27/32 MP: 0/0
  1234 | D:2      | Found a runed translucent door.
  1235 | D:2      | Noticed Crazy Yiuf
  1236 | D:2      | Noticed Jessica
  1706 | D:2      | Killed Crazy Yiuf
  1707 | D:2      | Killed Jessica
  1708 | D:2      | Reached XP level 5. HP: 16/37 MP: 0/0
  1708 | D:2      | Learned a level 2 spell: Wereblood
  2618 | D:1      | Reached skill level 4 in Spellcasting
  3085 | D:3      | Found a faded altar of an unknown god.
  3246 | D:3      | Upgraded the game from 0.29.0-7-g18a832c13a to
                  | 0.29.0-10-g45618ea6d2
  3550 | D:4      | Reached XP level 6. HP: 39/42 MP: 0/0
  3574 | D:4      | Found a staircase to the Ecumenical Temple.
  3592 | Temple   | Entered the Ecumenical Temple
  3902 | D:4      | Found a shimmering altar of Xom.
  3921 | D:4      | Found a burning altar of Makhleb.
  4044 | D:4      | Became a worshipper of Makhleb the Destroyer
  4214 | D:5      | Entered Level 5 of the Dungeon
  4222 | D:5      | Reached skill level 5 in Spellcasting
  4222 | D:5      | Reached XP level 7. HP: 31/49 MP: 0/0
  4222 | D:5      | Learned a level 3 spell: Teleport Other
  4281 | D:5      | Noticed Jase's ghost (novice DrAE)
  4299 | D:5      | Found a runed translucent door.
  4306 | D:5      | Reached skill level 1 in Invocations
  4310 | D:5      | Reached skill level 6 in Spellcasting
  4310 | D:5      | Reached XP level 8. HP: 23/55 MP: 0/0
  4310 | D:5      | Reached * piety under Makhleb
  4315 | D:5      | Noticed Ijyb
  4321 | D:5      | Killed Ijyb
  4666 | D:5      | Found a sacrificial altar of Ru.
  5052 | D:6      | Mangled by an orc warrior

Illustrated notes

Levels and vault maps discovered:
D:1:      psy_arrival_dodecagon, layout_basic
D:2:      layout_basic, serial_curves, eino_curves_02, eino_curves_01,
          eino_curves_02, eino_curves_04, uniq_crazy_yiuf_cottage, uniq_robin,
          uniq_jessica
D:3:      layout_rooms, dreamdust_ecumenical_altar_grove, minmay_bisected
D:4:      layout_basic, mainiacjoe_overflow_brackets, lemuel_doored_altar,
          kennysheep_mini, minmay_temple_entry_glassed_door, serial_forest,
          infiniplex_forest_clump_cross, infiniplex_forest_straight_2,
          infiniplex_forest_straight_1, infiniplex_forest_clump_long,
          infiniplex_forest_lined_room_, infiniplex_forest_lined_3,
          infiniplex_forest_clump_medium
D:5:      layout_loops_ring, nicolae_ru_the_path_less_chosen,
          hellmonk_ghost_happy_afterlife, uniq_ijyb
D:6:      layout_gridville, nzn_overflow_gifts_of_might_and_magic,
          minmay_stone_trees_small, dreamdust_princess_corridor, uniq_maggie
Temple:   minmay_freezing_vapour_temple

Skill      XL: |  1  2  3  4  5  6  7 |
---------------+----------------------+-----
Spellcasting   | 3 4 5 6 |  6.8
Fighting       | 1 2 |  2.9
Stealth        | 2 |  2.6
Invocations    | 1 |  1.7
Short Blades   | |  0.3
Dodging        | |  2.7

Action                   |  1- 3 |  4- 6 |  7- 9 || total
-------------------------+-------+-------+-------++-------
Melee: Short sword       |       |     9 |     4 ||    13
 Cast: Foxfire           |    44 |   102 |     6 ||   152
       Scorch            |       |    25 |    13 ||    38
       Flame Wave        |       |     3 |     8 ||    11
Evoke: Wand              |       |       |     1 ||     1
  Use: Scroll            |     2 |     6 |       ||     8
       Potion            |       |       |     1 ||     1
Armor: Robe              |     1 |    10 |    10 ||    21
Dodge: Dodged            |     2 |    23 |    28 ||    53
